| TOP OF THE 1ST |
|
Caldwell Claws batting - Pitching for Medicine Hat Blue Jays : RHP Erol Akchurin
|
|
Pitching: RHP Erol Akchurin
|
|
|
Batting: RHB Kim Christensen
|
0-0: Foul Ball, location: 2F 0-1: Ball 1-1: Ball 2-1: Foul Ball, location: 2F 2-2: Fly out, F9 (Flyball, 89M, EV 95.0 MPH)
|
|
Batting: RHB David Morales
|
0-0: Ball 1-0: Ball 2-0: Ball 3-0: Called Strike 3-1: Ground out 5-3 (Groundball, 25, EV 82.5 MPH)
|
|
Batting: LHB Miguel Negron
|
0-0: Ground out 6-3 (Groundball, 6, EV 98.1 MPH)
|
| Top of the 1st over - 0 runs, 0 hits, 0 errors, 0 left on base; Caldwell 0 - Medicine Hat 0 |
| BOTTOM OF THE 1ST |
|
Medicine Hat Blue Jays batting - Pitching for Caldwell Claws : RHP Gregory Crabb
|
|
Pitching: RHP Gregory Crabb
|
|
|
Batting: LHB Kevin Bates
|
0-0: Ground out 3-1 (Groundball, 34, EV 88.1 MPH)
|
|
Batting: RHB Burt Milley
|
0-0: SINGLE (Flyball, 89S, EV 100.6 MPH)
|
|
Batting: LHB Jeffrey Wilson
|
0-0: Ball Burt Milley is caught stealing 2nd base 2-6 1-0: Ball 2-0: Ball 3-0: Called Strike 3-1: Base on Balls
|
|
Batting: LHB Tom Reynolds
|
0-0: Ball 1-0: Ball 2-0: 2-RUN HOME RUN (Flyball, 9D, EV 93.8 MPH), Distance : 399 ft
|
|
Batting: RHB Greg Legg
|
0-0: Ball 1-0: Called Strike 1-1: Ball 2-1: Foul Ball, location: 2F 2-2: Foul Ball, location: 2F 2-2: DOUBLE (Groundball, 5L, EV 103.8 MPH)
|
|
Batting: RHB Terence Shoebridge
|
0-0: Ball 1-0: Ball 2-0: Foul Ball, location: 2F 2-1: Foul Ball, location: 2F 2-2: Ball 3-2: Ground out 5-3 (Groundball, 56, EV 96.3 MPH)
|
| Bottom of the 1st over - 2 runs, 3 hits, 0 errors, 1 left on base; Caldwell 0 - Medicine Hat 2 |
| TOP OF THE 2ND |
|
Caldwell Claws batting - Pitching for Medicine Hat Blue Jays : RHP Erol Akchurin
|
|
Batting: LHB Dave Smith
|
0-0: Ball 1-0: Ball 2-0: Ball 3-0: Called Strike 3-1: Foul Ball, location: 2F 3-2: Fly out, F8 (Flyball, 8LM, EV 78.8 MPH)
|
|
Batting: LHB Gregory Robles
|
0-0: Swinging Strike 0-1: Ground out 6-3 (Groundball, 6, EV 101.3 MPH)
|
|
Batting: LHB Joseph Wesley
|
0-0: Ball 1-0: Ball 2-0: Ball 3-0: Called Strike 3-1: Base on Balls
|
|
Batting: LHB Willie Vigil
|
0-0: Called Strike 0-1: Ball 1-1: Fly out, F8 (Flyball, 78D, EV 108.1 MPH)
|
| Top of the 2nd over - 0 runs, 0 hits, 0 errors, 1 left on base; Caldwell 0 - Medicine Hat 2 |
| BOTTOM OF THE 2ND |
|
Medicine Hat Blue Jays batting - Pitching for Caldwell Claws : RHP Gregory Crabb
|
|
Batting: LHB Roberto Pacheco
|
0-0: Swinging Strike 0-1: Ground out 4-3 (Groundball, 4, EV 89.4 MPH)
|
|
Batting: SHB Cordie Dillard
|
0-0: Ball 1-0: Called Strike 1-1: Ball 2-1: SINGLE (Line Drive, 78S, EV 108.1 MPH)
|
|
Batting: SHB Manuel DelRosario
|
0-0: Foul Ball, location: 2F 0-1: Ball 1-1: Foul Ball, location: 2F 1-2: Reached on error, E8 (Line Drive, 8LM, EV 90.6 MPH) Cordie Dillard to third
|
|
Batting: LHB Kevin Bates
|
0-0: Ball 1-0: Ball 2-0: SINGLE (Line Drive, 8RS, EV 91.9 MPH) Cordie Dillard scores Manuel DelRosario to third Runner from 3rd tries for Home, SAFE, throw by CF to home
|
|
Batting: RHB Burt Milley
|
0-0: Fly out, F8 (Flyball, 8LD, EV 105.6 MPH)
|
|
Batting: LHB Jeffrey Wilson
|
0-0: Fielders Choice at 2nd, 6-4 (Groundball, 6, EV 85.6 MPH)
|
| Bottom of the 2nd over - 2 runs, 2 hits, 1 error, 1 left on base; Caldwell 0 - Medicine Hat 4 |
| TOP OF THE 3RD |
|
Caldwell Claws batting - Pitching for Medicine Hat Blue Jays : RHP Erol Akchurin
|
|
Batting: LHB Roberto Guillen
|
0-0: Ball 1-0: Ball 2-0: Ball 3-0: Base on Balls
|
|
Batting: SHB Alfredo Alcaide
|
0-0: Ball 1-0: Ball 2-0: Fielders Choice at 2nd, 4-6 (Groundball, 4, EV 82.5 MPH)
|
|
Batting: RHB Kim Christensen
|
0-0: Swinging Strike 0-1: SINGLE (Line Drive, 9S, EV 100.6 MPH) Alfredo Alcaide to second
|
|
Batting: RHB David Morales
|
0-0: SINGLE (Groundball, 34D, EV 97.5 MPH) Alfredo Alcaide to third Kim Christensen to second Runner from 3rd tries for Home, SAFE, throw by RF to home
|
|
Batting: LHB Miguel Negron
|
0-0: Called Strike 0-1: Called Strike 0-2: SINGLE (Line Drive, 8LS, EV 104.4 MPH) Kim Christensen to third David Morales to second Runner from 3rd tries for Home, SAFE, throw by CF to home
|
|
Batting: LHB Dave Smith
|
0-0: Called Strike 0-1: Foul Ball, location: 2F 0-2: Foul Ball, location: 2F 0-2: Ball 1-2: Strikes out swinging
|
|
Batting: LHB Gregory Robles
|
0-0: Fly out, F7 (Flyball, 7S, EV 90.0 MPH)
|
| Top of the 3rd over - 2 runs, 3 hits, 0 errors, 2 left on base; Caldwell 2 - Medicine Hat 4 |
| BOTTOM OF THE 3RD |
|
Medicine Hat Blue Jays batting - Pitching for Caldwell Claws : RHP Gregory Crabb
|
|
Batting: LHB Tom Reynolds
|
0-0: Ball 1-0: Ground out 4-3 (Groundball, 4, EV 81.3 MPH)
|
|
Batting: RHB Greg Legg
|
0-0: Called Strike 0-1: Ball 1-1: Ball 2-1: Called Strike 2-2: Fly out, F4 (Popup, 13S, EV 86.3 MPH)
|
|
Batting: RHB Terence Shoebridge
|
0-0: Called Strike 0-1: Ball 1-1: Swinging Strike 1-2: SINGLE (Flyball, 3D, EV 90.6 MPH)
|
|
Batting: LHB Roberto Pacheco
|
0-0: Ball 1-0: Foul Ball, location: 2F 1-1: Swinging Strike 1-2: Ball 2-2: Fly out, F9 (Flyball, 9LD, EV 89.4 MPH)
|
| Bottom of the 3rd over - 0 runs, 1 hit, 0 errors, 1 left on base; Caldwell 2 - Medicine Hat 4 |
| TOP OF THE 4TH |
|
Caldwell Claws batting - Pitching for Medicine Hat Blue Jays : RHP Erol Akchurin
|
|
Batting: LHB Joseph Wesley
|
0-0: Ball 1-0: Ball 2-0: Fly out, F7 (Flyball, 78D, EV 78.1 MPH)
|
|
Batting: LHB Willie Vigil
|
0-0: Ball 1-0: Ball 2-0: Foul Ball, location: 2F 2-1: Ball 3-1: Fly out, F8 (Flyball, 8LD, EV 93.8 MPH)
|
|
Batting: LHB Roberto Guillen
|
0-0: Ground out 4-3 (Groundball, 4, EV 98.8 MPH)
|
| Top of the 4th over - 0 runs, 0 hits, 0 errors, 0 left on base; Caldwell 2 - Medicine Hat 4 |
| BOTTOM OF THE 4TH |
|
Medicine Hat Blue Jays batting - Pitching for Caldwell Claws : RHP Gregory Crabb
|
|
Batting: SHB Cordie Dillard
|
0-0: Called Strike 0-1: Ball 1-1: Ball 2-1: Foul Ball, location: 2F 2-2: Foul Ball, location: 2F 2-2: Strikes out swinging
|
|
Batting: SHB Manuel DelRosario
|
0-0: Ball 1-0: Foul Ball, location: 2F 1-1: Foul Ball, location: 2F 1-2: Strikes out looking
|
|
Batting: LHB Kevin Bates
|
0-0: Ball 1-0: Ball 2-0: Ball 3-0: Base on Balls
|
|
Batting: RHB Burt Milley
|
0-0: Called Strike Kevin Bates is caught stealing 2nd base 2-4
|
| Bottom of the 4th over - 0 runs, 0 hits, 0 errors, 0 left on base; Caldwell 2 - Medicine Hat 4 |
| TOP OF THE 5TH |
|
Caldwell Claws batting - Pitching for Medicine Hat Blue Jays : RHP Erol Akchurin
|
|
Batting: SHB Alfredo Alcaide
|
0-0: Swinging Strike 0-1: Fly out, F9 (Line Drive, 9D, EV 95.6 MPH)
|
|
Batting: RHB Kim Christensen
|
0-0: Called Strike 0-1: Ball 1-1: Ball 2-1: Foul Ball, location: 2F 2-2: Ball 3-2: Base on Balls
|
|
Batting: RHB David Morales
|
0-0: Fly out, F9 (Flyball, 9D, EV 96.9 MPH)
|
|
Batting: LHB Miguel Negron
|
0-0: Ball Wild Pitch! Kim Christensen to second 1-0: Ground out 4-3 (Groundball, 4S, EV 80.6 MPH)
|
| Top of the 5th over - 0 runs, 0 hits, 0 errors, 1 left on base; Caldwell 2 - Medicine Hat 4 |
| BOTTOM OF THE 5TH |
|
Medicine Hat Blue Jays batting - Pitching for Caldwell Claws : RHP Gregory Crabb
|
|
Batting: RHB Burt Milley
|
0-0: Ground out 1-3 (Groundball, 34S, EV 65.6 MPH)
|
|
Batting: LHB Jeffrey Wilson
|
0-0: Ball 1-0: Fly out, F7 (Flyball, 78M, EV 80.6 MPH)
|
|
Batting: LHB Tom Reynolds
|
0-0: Called Strike 0-1: Ball 1-1: Ground out 4-3 (Groundball, 4, EV 87.5 MPH)
|
| Bottom of the 5th over - 0 runs, 0 hits, 0 errors, 0 left on base; Caldwell 2 - Medicine Hat 4 |
| TOP OF THE 6TH |
|
Caldwell Claws batting - Pitching for Medicine Hat Blue Jays : RHP Erol Akchurin
|
|
Batting: LHB Dave Smith
|
0-0: Called Strike 0-1: Ground out 4-3 (Groundball, 4, EV 83.1 MPH)
|
|
Batting: LHB Gregory Robles
|
0-0: Called Strike 0-1: Swinging Strike 0-2: Foul Ball, location: 2F 0-2: Foul Ball, location: 2F 0-2: DOUBLE (Line Drive, 9LS, EV 95.0 MPH)
|
|
Batting: LHB Joseph Wesley
|
0-0: Ball 1-0: Ball 2-0: Foul Ball, location: 2F 2-1: Called Strike 2-2: Foul Ball, location: 2F 2-2: Ball 3-2: Base on Balls
|
|
Batting: LHB Willie Vigil
|
0-0: Ball 1-0: Foul Ball, location: 2F 1-1: Ball 2-1: Swinging Strike 2-2: Fly out, F8 (Line Drive, 8LD, EV 93.8 MPH)
|
|
Batting: LHB Roberto Guillen
|
0-0: Fly out, F9 (Flyball, 9D, EV 106.9 MPH)
|
| Top of the 6th over - 0 runs, 1 hit, 0 errors, 2 left on base; Caldwell 2 - Medicine Hat 4 |
| BOTTOM OF THE 6TH |
|
Medicine Hat Blue Jays batting - Pitching for Caldwell Claws : RHP Gregory Crabb
|
|
Batting: RHB Greg Legg
|
0-0: Called Strike 0-1: Ball 1-1: Ground out 6-3 (Groundball, 56, EV 105.0 MPH)
|
|
Batting: RHB Terence Shoebridge
|
0-0: Called Strike 0-1: Ball 1-1: Ball 2-1: Ball 3-1: Base on Balls
|
|
Batting: LHB Roberto Pacheco
|
0-0: Ball 1-0: Fly out, F6 (Popup, 6D, EV 68.1 MPH)
|
|
Batting: SHB Cordie Dillard
|
0-0: Fly out, F9 (Flyball, 9LS, EV 87.5 MPH)
|
| Bottom of the 6th over - 0 runs, 0 hits, 0 errors, 1 left on base; Caldwell 2 - Medicine Hat 4 |
| TOP OF THE 7TH |
|
Caldwell Claws batting - Pitching for Medicine Hat Blue Jays : RHP Erol Akchurin
|
|
Batting: SHB Alfredo Alcaide
|
0-0: DOUBLE (Line Drive, 9LS, EV 99.4 MPH)
|
|
Batting: RHB Kim Christensen
|
0-0: Ground out 4-3 (Groundball, 4, EV 100.0 MPH) Alfredo Alcaide to third
|
|
Batting: RHB David Morales
|
0-0: Ground out 6-3 (Groundball, 6, EV 85.6 MPH) Alfredo Alcaide scores
|
|
Batting: LHB Miguel Negron
|
0-0: Ball 1-0: Ball 2-0: Ground out 6-3 (Groundball, 6, EV 79.4 MPH)
|
| Top of the 7th over - 1 run, 1 hit, 0 errors, 0 left on base; Caldwell 3 - Medicine Hat 4 |
| BOTTOM OF THE 7TH |
|
Medicine Hat Blue Jays batting - Pitching for Caldwell Claws : RHP Gregory Crabb
|
|
Batting: SHB Manuel DelRosario
|
0-0: Ground out U3 (Groundball, 3L, EV 76.3 MPH)
|
|
Batting: LHB Kevin Bates
|
0-0: Ball 1-0: Ball 2-0: Ball 3-0: Called Strike 3-1: Base on Balls
|
|
Batting: RHB Burt Milley
|
0-0: Called Strike 0-1: Ball 1-1: Called Strike 1-2: Fly out, F9 (Flyball, 89D, EV 96.9 MPH)
|
|
Batting: LHB Jeffrey Wilson
|
0-0: Ball 1-0: Ball 2-0: Foul Ball, location: 2F 2-1: Called Strike 2-2: Strikes out swinging
|
| Bottom of the 7th over - 0 runs, 0 hits, 0 errors, 1 left on base; Caldwell 3 - Medicine Hat 4 |
| TOP OF THE 8TH |
|
Caldwell Claws batting - Pitching for Medicine Hat Blue Jays : RHP Erol Akchurin
|
|
Batting: LHB Dave Smith
|
0-0: Ball 1-0: Ball 2-0: Ball 3-0: Called Strike 3-1: Fly out, F8 (Flyball, 8RD, EV 103.8 MPH)
|
|
Batting: LHB Gregory Robles
|
0-0: SINGLE (Flyball, 7LS, EV 93.8 MPH)
|
|
Batting: LHB Joseph Wesley
|
0-0: Ball 1-0: Fielders Choice at 2nd, 3-6 (Groundball, 34, EV 110.6 MPH)
|
|
Batting: LHB Willie Vigil
|
0-0: Fly out, F3 (Popup, 23F, EV 81.9 MPH)
|
| Top of the 8th over - 0 runs, 1 hit, 0 errors, 1 left on base; Caldwell 3 - Medicine Hat 4 |
| BOTTOM OF THE 8TH |
|
Medicine Hat Blue Jays batting - Pitching for Caldwell Claws : RHP Gregory Crabb
|
|
Batting: LHB Tom Reynolds
|
0-0: Called Strike 0-1: Ball 1-1: Ball 2-1: Called Strike 2-2: Ball 3-2: Base on Balls
|
|
Batting: RHB Greg Legg
|
0-0: Fly out, F9 (Flyball, 9, EV 86.9 MPH)
|
|
Batting: RHB Terence Shoebridge
|
0-0: Ball 1-0: Called Strike 1-1: Ball 2-1: Called Strike 2-2: Strikes out swinging
|
|
Batting: LHB Roberto Pacheco
|
0-0: Ball 1-0: Called Strike 1-1: Ball 2-1: Ground out 4-3 (Groundball, 13, EV 80.0 MPH)
|
| Bottom of the 8th over - 0 runs, 0 hits, 0 errors, 1 left on base; Caldwell 3 - Medicine Hat 4 |
| TOP OF THE 9TH |
|
Caldwell Claws batting - Pitching for Medicine Hat Blue Jays : RHP Erol Akchurin
|
|
Pitching: RHP Omar Bencomo
|
|
|
Now at 2B: Thomas Norko
|
|
|
Now at 3B: David Fowlkes
|
|
|
Batting: LHB Roberto Guillen
|
0-0: Called Strike 0-1: Ball 1-1: Foul Ball, location: 2F 1-2: Foul Ball, location: 2F 1-2: SINGLE (Groundball, 56D, EV 98.8 MPH)
|
|
Batting: SHB Alfredo Alcaide
|
0-0: Bunt - Flyout to 2R! F2
|
|
Batting: RHB Kim Christensen
|
0-0: Ball 1-0: Ball 2-0: SINGLE (Line Drive, 4MD, EV 98.1 MPH) Roberto Guillen to second Runner from 2nd tries for 3rd, SAFE, throw by CF made to third
|
|
Batting: RHB David Morales
|
0-0: Ball 1-0: Ball 2-0: Foul Ball, location: 2F 2-1: Ball 3-1: Base on Balls Kim Christensen to second
|
|
Batting: LHB Miguel Negron
|
0-0: Ball 1-0: SINGLE (Groundball, 34D, EV 88.1 MPH) (infield hit) Roberto Guillen scores Kim Christensen to third David Morales to second
|
|
Batting: LHB Dave Smith
|
0-0: Ball 1-0: Ball 2-0: Ball 3-0: Base on Balls Kim Christensen scores David Morales to third Miguel Negron to second
|
|
Batting: LHB Gregory Robles
|
0-0: Called Strike 0-1: Ball 1-1: TRIPLE (Flyball, 78XD, EV 104.4 MPH) David Morales scores Miguel Negron scores Dave Smith scores
|
|
Pitching: LHP Robert Allen
|
|
|
Batting: LHB Joseph Wesley
|
0-0: Ball 1-0: Called Strike 1-1: Swinging Strike 1-2: Strikes out swinging
|
|
Batting: LHB Willie Vigil
|
0-0: Foul Ball, location: 2F 0-1: Swinging Strike 0-2: Ball 1-2: Ball 2-2: Foul Ball, location: 2F 2-2: Foul Ball, location: 2F 2-2: Ground out 4-3 (Groundball, 34, EV 88.1 MPH)
|
| Top of the 9th over - 5 runs, 4 hits, 0 errors, 1 left on base; Caldwell 8 - Medicine Hat 4 |
| BOTTOM OF THE 9TH |
|
Medicine Hat Blue Jays batting - Pitching for Caldwell Claws : RHP Gregory Crabb
|
|
Pitching: RHP Jordan Contreras
|
|
|
Batting: SHB Cordie Dillard
|
0-0: Ball 1-0: Called Strike 1-1: Ball 2-1: Ball 3-1: Foul Ball, location: 2F 3-2: Foul Ball, location: 2F 3-2: Base on Balls
|
|
Batting: SHB Manuel DelRosario
|
0-0: Ball 1-0: Ball 2-0: Ball 3-0: Base on Balls Cordie Dillard to second
|
|
Batting: RHB Thomas Norko
|
0-0: Fly out, F9 (Flyball, 89M, EV 97.5 MPH)
|
|
Batting: RHB Burt Milley
|
0-0: Called Strike 0-1: Ball 1-1: Foul Ball, location: 2F 1-2: Foul Ball, location: 2F 1-2: Strikes out looking
|
|
Batting: LHB Jeffrey Wilson
|
0-0: Ball 1-0: Ball 2-0: Ball 3-0: Base on Balls Cordie Dillard to third Manuel DelRosario to second
|
|
Batting: LHB Tom Reynolds
|
0-0: Ball 1-0: Swinging Strike 1-1: Ball 2-1: Swinging Strike 2-2: Strikes out swinging
|
| Bottom of the 9th over - 0 runs, 0 hits, 0 errors, 3 left on base; Caldwell 8 - Medicine Hat 4 |
|